 Dungeon Crawl Stone Soup version 0.17-a0-1533-g2f57bce (console) character file.

116 Ektor the Skirmisher (level 5, -7/47 HPs)
             Began as a Hill Orc Fighter on July 15, 2015.
             Killed from afar by an orc (18 damage)
             ... with a wand of cold
             ... on level 3 of the Dungeon on July 16, 2015.
             The game lasted 00:52:48 (1623 turns).

Ektor the Skirmisher (Hill Orc Fighter)             Turns: 1623, Time: 00:52:53

Health: -7/47      AC:  7    Str: 20    XL:     5   Next: 0%
Magic:  5/5        EV:  7    Int:  8    God:
Gold:   40         SH:  9    Dex: 10    Spells: 0 memorised, 4 levels left

rFire  . . .     SeeInvis .     a - +0 war axe
rCold  . . .     Clarity  .     b - +0 scale mail
rNeg   . . .     SustAt   .     c - +0 shield
rPois  .         Gourm    .     (no helmet)
rElec  .         Spirit   .     (no cloak)
rCorr  .         Warding  .     (no gloves)
rMut   .         Stasis   .     (no boots)
MR     .....                    (no amulet)
Stlth  ..........               (no ring)
                                (no ring)

@: not resistant to hostile enchantments, extremely unstealthy
A: no striking features
a: no special abilities


You were on level 3 of the Dungeon.
You were hungry.

You visited 1 branch of the dungeon, and saw 3 of its levels.

You collected 40 gold pieces.

Inventory:

Hand weapons
 a - a +0 war axe (weapon)
 j - a +0 dagger
 k - a +0 hunting sling
 l - a +2 quarterstaff of chaos
Missiles
 i - 34 stones
 m - 7 tomahawks (quivered)
Armour
 b - a +0 scale mail (worn)
 c - a +0 shield (worn)
Magical devices
 n - a wand of random effects (44)
Scrolls
 o - 3 scrolls of identify
 q - a scroll of noise {unknown}
Potions
 f - a potion of mutation
Comestibles
 e - a bread ration
 g - a chunk of flesh
 h - 2 meat rations


   Skills:
 + Level 4.4 Fighting
 + Level 3.6 Axes
 + Level 0.2 Throwing
 + Level 4.1 Armour
 + Level 1.2 Dodging
 + Level 3.9 Shields


You had 4 spell levels left.
You didn't know any spells.

Dungeon Overview and Level Annotations

Branches:
Dungeon (3/15)

Altars:
Ashenzari
Xom

Annotations:
D:2 Natasha


Message History

You hit the jackal.
The jackal is heavily wounded.
The jackal bites you but does no damage. x2
You slash the jackal!
You kill the jackal!
You have reached level 5!
You feel stronger.
The orc zaps a wand.
The bolt of cold hits the jackal.
The jackal dies!
The bolt of cold hits you!
It is a wand of cold.
A giant gecko comes into view.
Things that are here:
a jackal corpse x2
You barely miss the orc.
The orc zaps a wand.
The bolt of cold hits the orc.
The orc dies!
The bolt of cold hits you!
* * * LOW HITPOINT WARNING * * *
The giant gecko moves out of view.
The orc zaps a wand.
The bolt of cold hits you!
You die...

. ... . ...
.##.# ...#
#..## o..
#)# #@# #.#
#.# #####
#.#
#...######.#
#...##.....#
#...##.#####
#...##.#
#......#


You could see an orc.

Vanquished Creatures
  Crazy Yiuf (D:2)
  2 adders
  An ooze (D:2)
  A worm (D:2)
  4 giant geckos
  5 bats
  5 giant cockroaches
  8 goblins
  8 hobgoblins
  5 jackals
  A ball python (D:1)
  8 giant newts
  A kobold (D:2)
  9 rats
59 creatures vanquished.

Vanquished Creatures (others)
  An orc (D:3)
  A jackal (D:3)
2 creatures vanquished.

Grand Total: 61 creatures vanquished

Notes
Turn   | Place    | Note
--------------------------------------------------------------
     0 | D:1      | Ektor the Hill Orc Fighter began the quest for the Orb.
     0 | D:1      | Reached XP level 1. HP: 19/19 MP: 1/1
    41 | D:1      | Reached XP level 2. HP: 20/27 MP: 2/2
    76 | D:1      | Found a shattered altar of Ashenzari.
   272 | D:1      | Reached skill level 4 in Fighting
   377 | D:1      | Reached XP level 3. HP: 33/33 MP: 3/3
   671 | D:2      | Upgraded the game from 0.17-a0-1528-gfee3901 to 0.17-a0-1533-g2f57bce
   856 | D:2      | Noticed Crazy Yiuf
   867 | D:2      | Killed Crazy Yiuf
   867 | D:2      | Reached XP level 4. HP: 21/41 MP: 4/4
   908 | D:2      | Noticed Natasha
   938 | D:2      | Found a shimmering altar of Xom.
  1123 | D:2      | Reached skill level 1 in Dodging
  1621 | D:3      | Reached XP level 5. HP: 47/47 MP: 5/5
  1623 | D:3      | Killed from afar by an orc

Vault maps used:
D:1:      scummos_arrival_hexagon, evilmike_ruin_ashenzari
D:2:      kennysheep_big_flooded_room, xom_butterflies,
          kennysheep_generic_room_4, uniq_crazy_yiuf_cottage, uniq_natasha

Action                   |  1- 3 |  4- 6 || total
-------------------------+-------+-------++-------
Melee: War axe           |   101 |    72 ||   173
Throw: Tomahawk          |       |    18 ||    18
       Stone             |       |     8 ||     8
  Use: Scroll            |     2 |     2 ||     4
       Potion            |     2 |     3 ||     5
  Eat: Chunk             |       |     2 ||     2
